 Dungeon Crawl Stone Soup version 0.30.1 (webtiles) character file.

Game seed: 8576116866263679497

2110 exhongo the Cutter (level 9, -3/68 HPs)
             Began as a Human Wanderer on July 10, 2023.
             Was an Elder of Elyvilon.
             Slain by a killer bee (5 damage)
             ... on level 7 of the Dungeon.
             The game lasted 01:31:11 (6253 turns).

exhongo the Cutter (Human Wanderer)                 Turns: 6253, Time: 01:31:11

Health: -3/68      AC:  5    Str: 13 (14) XL:     9   Next: 53%
Magic:  10/10      EV: 13    Int:  9      God:    Elyvilon [****..]
Gold:   332        SH:  7    Dex: 17      Spells: 8/8 levels left

rFire   + . .        a - +5 short sword (flame)
rCold   + + .        c - +2 buckler
rNeg    . . .        w - +2 robe {Will+}
rPois   +            A - +0 helmet
rElec   +            (no cloak)
rCorr   +            (no gloves)
SInv    .            (no boots)
Will    ++...        j - amulet of faith
Stlth   +++          i - ring of willpower
HPRegen 0.31/turn    t - ring of protection from cold
MPRegen 0.12/turn

%: faith
@: resistant
A: clumsy 1, deterioration 1
a: Renounce Religion, Purification, Heal Other, Heal Self


You were on level 7 of the Dungeon.
You worshipped Elyvilon.
Elyvilon was greatly pleased with you.
You visited 2 branches of the dungeon, and saw 8 of its levels.
You also visited: Sewer.

You collected 365 gold pieces.
You spent 33 gold pieces at shops.

Inventory:

Hand Weapons
 a - a +5 short sword of flaming (weapon)
 f - a +2 short sword of venom
 u - a +1 short sword of speed
 C - a +0 shortbow
Missiles
 d - 5 datura-tipped darts
 n - 5 boomerangs of dispersal
 v - 3 poisoned darts
Armour
 c - a +2 buckler (worn)
 e - a +0 leather armour
 g - a +0 ring mail
 w - a +2 robe of willpower (worn)
 x - a +0 kite shield
 z - a +0 scale mail of cold resistance
 A - a +0 helmet (worn)
Jewellery
 i - a ring of willpower (left hand)
 j - an amulet of faith (around neck)
 o - an amulet of guardian spirit
 t - a ring of protection from cold (right hand)
 B - an amulet of guardian spirit
 D - a ring of magical power
Wands
 h - a wand of light (1) (quivered)
 s - a wand of polymorph (5)
 y - a wand of mindburst (2)
Scrolls
 b - a scroll of brand weapon
 l - a scroll of enchant weapon
 r - 2 scrolls of identify
Potions
 k - 2 potions of flight
 m - 2 potions of curing
 p - 3 potions of magic
 q - a potion of resistance


   Skills:
 + Level 5.2 Fighting
 + Level 7.1 Short Blades
 + Level 1.0 Maces & Flails
 + Level 3.3 Armour
 + Level 4.5 Dodging
 + Level 3.9 Stealth
 + Level 4.5 Shields
 + Level 2.3 Invocations
 + Level 2.3 Evocations


You had 8 spell levels left.
You didn't know any spells.
Your spell library contained the following spells:

 Spells                   Type           Power      Damage    Failure   Level
 Beastly Appendage        Tmut           0%         N/A       47%         1
 Magic Dart               Conj           0%         1d3       47%         1
 Searing Ray              Conj           0%         2d4       63%         2
 Wereblood                Tmut           0%         N/A       63%         2
 Ozocubu's Armour         Ice            0%         N/A       85%         3
 Spider Form              Tmut/Pois      0%         N/A       85%         3
 Fulminant Prism          Conj/Hex       0%         3d5       99%         4
 Ozocubu's Refrigeration  Ice            0%         4d7       100%        7


Dungeon Overview and Level Annotations

Branches:
Dungeon (7/15)             Temple (1/1) D:6           Sewer (visited)

Altars:
Cheibriados
Dithmenos
Elyvilon
Fedhas
Gozag
Hepliaklqana
Kikubaaqudgha
Makhleb
Nemelex Xobeh
Okawaru
Qazlal
Ru
Trog
Uskayaw
Wu Jian
Xom
Yredelemnul
Zin
The Shining One

Shops:
D:6 *

Annotations:
D:6 1 runed translucent door, DemonSlayer's ghost, novice DsEE
D:7 1 transporter


Innate Abilities, Weirdness & Mutations

You are clumsy. (Dex -2)
Your body sometimes deteriorates upon taking damage.


Message History

Unknown command.
Unknown command.
You miss the killer bee.
The killer bee is heavily wounded.
The killer bee stings you.
* * * LOW HITPOINT WARNING * * *
You block the killer bee's attack. The killer bee misses you.
The killer bee barely misses you. The killer bee closely misses you.
The killer bee misses you. x2; The killer bee barely misses you.
The orc wizard shouts!
You hit the killer bee. You burn the killer bee.
The killer bee is moderately wounded.
The killer bee barely misses you. x3; You block the killer bee's attack.
You hit the killer bee. You burn the killer bee.
The killer bee is almost dead.
The killer bee stings you.
* * * LOW HITPOINT WARNING * * *
You block the killer bee's attack. The killer bee barely misses you.
The killer bee stings you but does no damage.
The killer bee stings you.
* * * LOW HITPOINT WARNING * * *
The killer bee completely misses you. The killer bee stings you.
* * * LOW HITPOINT WARNING * * *
The killer bee stings you.
* * * LOW HITPOINT WARNING * * *
You block the killer bee's attack.
The killer bee stings you but does no damage.
You miss the killer bee.
The killer bee is almost dead.
The killer bee stings you.
* * * LOW HITPOINT WARNING * * *
The killer bee completely misses you. You block the killer bee's attack.
The killer bee stings you. Elyvilon protects you from harm!
The killer bee closely misses you.
Unknown command.
You hit the killer bee. You burn the killer bee.
You kill the killer bee!
The killer bee stings you.
You die...

......## ##...#...... ...
##.....###....#..... ....
##......#....#....# .....
##.........#..##..##....
#..#.#...##.......#..# ..
#..#.................## ...#
##...##........#....>.##....
#....##.......yy.# ......
##............@yy## ......
#.......o....†y..##...#
##...............#....#
##............#......#...
####.........#..........
##.##............###.
#.####...#.....## ###
#..###..### #### ####


You could see 5 killer bees and an orc wizard.

Vanquished Creatures
  A wyvern (D:7)
  A steam dragon (D:7)
  An ice beast (D:6)
  2 black bears
  2 ogres
  A centaur (D:7)
  5 bullfrogs
  6 scorpions
  A killer bee (D:7)
  A howler monkey (D:4)
  2 jellies (D:7)
  2 hounds
  4 orc priests
  A gnoll bouda (D:7)
  2 iguanas
  3 orc wizards
  6 adders
  3 river rats (Sewer)
  2 white imps
  An ufetubus (D:4)
  3 worms
  4 dart slugs
  19 orcs
  7 endoplasms
  A giant cockroach (D:4)
  6 goblins
  6 hobgoblins
  9 jackals
  A quokka (D:1)
  18 ball pythons
  7 bats
  9 frilled lizards
  3 kobolds
  25 rats
165 creatures vanquished.

Vanquished Creatures (others)
  A white imp (D:7)
1 creature vanquished.

Grand Total: 166 creatures vanquished

Notes
Turn   | Place    | Note
-------+----------+-------------------------------------------
     0 | D:1      | exhongo the Human Wanderer began the quest for the Orb.
     0 | D:1      | exhongo set off with the following items: a +2 short sword,
                  | a +0 mace, a +0 buckler, a scroll of fear, a +0 leather
                  | armour.
     0 | D:1      | Reached XP level 1. HP: 15/15 MP: 1/1
   244 | D:1      | Reached XP level 2. HP: 21/21 MP: 2/2
   418 | D:1      | Found a faded altar of an unknown god.
   425 | D:1      | Prayed at the altar of an unknown god.
   425 | D:1      | Became a worshipper of Elyvilon the Healer
   425 | D:1      | Reached * piety under Elyvilon
   738 | D:1      | Reached XP level 3. HP: 26/26 MP: 3/3
  1125 | D:2      | Reached skill level 4 in Short Blades
  1270 | D:2      | Found a blossoming altar of Fedhas.
  1591 | D:3      | Reached ** piety under Elyvilon
  1640 | D:3      | Reached XP level 4. HP: 28/32 MP: 4/4
  1659 | D:3      | Found an opulent altar of Gozag.
  1712 | D:3      | Gained mutation: You are frail. (-10% HP) [potion of
                  | mutation]
  1712 | D:3      | Gained mutation: You have hidden genetic defects. [potion
                  | of mutation]
  1712 | D:3      | Gained mutation: You are dopey. (Int -2) [potion of
                  | mutation]
  1712 | D:3      | Gained mutation: You possess an exceptional clarity of
                  | mind. [potion of mutation]
  1853 | D:3      | Reached skill level 1 in Armour
  1861 | D:3      | Reached XP level 5. HP: 14/34 MP: 5/5
  1862 | D:3      | Gained mutation: Your body sometimes deteriorates upon
                  | taking damage. [hidden defects]
  1944 | D:3      | Gained mutation: You are clumsy. (Dex -2) [hidden defects]
  1944 | D:3      | Lost mutation: You have hidden genetic defects. [hidden
                  | defects expressed]
  2229 | D:3      | Reached *** piety under Elyvilon
  2556 | D:4      | Found a glowing drain.
  2566 | D:4      | Reached XP level 6. HP: 16/40 MP: 6/6
  2574 | Sewer    | Entered a sewer
  2798 | Sewer    | HP: 2/41 [river rat (5)]
  2834 | Sewer    | Lost mutation: You are frail. (-10% HP) [potion of
                  | mutation]
  2834 | Sewer    | Lost mutation: You are dopey. (Int -2) [potion of mutation]
  2834 | Sewer    | Lost mutation: You possess an exceptional clarity of mind.
                  | [potion of mutation]
  2834 | Sewer    | Gained mutation: You are partially covered in iridescent
                  | scales. (AC +2) [potion of mutation]
  2834 | Sewer    | Lost mutation: You are partially covered in iridescent
                  | scales. (AC +2) [potion of mutation]
  3045 | Sewer    | HP: 2/47 [bullfrog (4)]
  3052 | Sewer    | HP: 1/47 [bullfrog (3)]
  3250 | Sewer    | Reached skill level 5 in Short Blades
  3290 | Sewer    | Reached XP level 7. HP: 35/52 MP: 7/7
  4188 | D:5      | Entered Level 5 of the Dungeon
  4193 | D:5      | Reached **** piety under Elyvilon
  4427 | D:5      | Noticed Grinder
  4430 | D:5      | Grinder changed into Grinder the white imp
  4430 | D:5      | Noticed Grinder
  4434 | D:5      | Killed Grinder the white imp
  4623 | D:5      | Reached XP level 8. HP: 33/58 MP: 8/8
  4901 | D:6      | Found a staircase to the Ecumenical Temple.
  4911 | D:6      | HP: 3/60 [orc warrior/+0 halberd (18)]
  5060 | D:6      | Reached skill level 1 in Invocations
  5101 | D:6      | Found Ovodorel's Gadget Gallery.
  5159 | D:6      | Found a runed translucent door.
  5202 | D:6      | Bought a wand of mindburst (2) for 33 gold pieces
  5298 | D:6      | Noticed DemonSlayer's ghost (novice DsEE)
  5310 | Temple   | Entered the Ecumenical Temple
  5565 | D:6      | Reached skill level 6 in Short Blades
  5565 | D:6      | Reached skill level 1 in Evocations
  5905 | D:7      | Reached XP level 9. HP: 66/66 MP: 10/10
  5967 | D:7      | Reached skill level 5 in Fighting
  6033 | D:7      | Found a transporter.
  6073 | D:7      | Reached skill level 7 in Short Blades
  6252 | D:7      | HP: 2/68 [killer bee (5)]
  6252 | D:7      | Elyvilon protects you from harm!
  6253 | D:7      | Slain by a killer bee

Illustrated notes

Levels and vault maps discovered:
D:1:      elethiomel_arrival_infinity_welcomes_careful_drivers, layout_basic,
          ebering_ecumenical_altar_sacrificial, serial_bayou_pond_c,
          palyth_stone_intersect, minmay_tetromino_s2
D:2:      layout_loops_ring, basic_altar, minmay_crystal_room
D:3:      layout_basic, mainiacjoe_overflow_alcove_2
D:4:      layout_basic, portal_sewer_entry_d
D:5:      layout_loops_cross, minmay_misc_feat_hallway, uniq_grinder
D:6:      layout_gridville, minmay_temple_entry_waves, ebering_ghost_sewer_d,
          nicolae_shop_gadgets
D:7:      gammafunk_beogh_shrine, layout_cave_pools, minmay_joined_circles
Temple:   nicolae_temple_bog_church

Skill      XL: |  1  2  3  4  5  6  7  8  9 |
---------------+----------------------------+-----
Short Blades   | 4 5 6 7 |  7.1
Armour         | 1 2 3 |  3.3
Fighting       | 2 3 4 5 |  5.2
Dodging        | 3 4 |  4.5
Shields        | 3 4 |  4.5
Stealth        | 2 3 |  3.9
Invocations    | 2 |  2.3
Evocations     | 1 2 |  2.3
Maces & Flails | |  1.0

Action                     |  1- 3 |  4- 6 |  7- 9 || total
---------------------------+-------+-------+-------++-------
  Melee: Short sword       |   148 |   300 |   276 ||   724
  Throw: Boomerang         |       |       |     1 ||     1
 Invoke: Heal Self         |       |     2 |     7 ||     9
  Evoke: Wand              |       |       |    17 ||    17
    Use: Scroll            |     6 |    12 |    13 ||    31
         Potion            |     1 |     6 |     4 ||    11
   Stab: Sleeping          |     4 |     1 |     4 ||     9
         Invisible         |       |       |     2 ||     2
 Armour: Leather armour    |    20 |    50 |     7 ||    77
         Skin              |       |    24 |       ||    24
         Robe              |       |       |    26 ||    26
  Dodge: Dodged            |    45 |   173 |   124 ||   342
  Block: Buckler           |    17 |    62 |    69 ||   148
